 Dungeon Crawl Stone Soup version 0.25.0-11-g1f837a76a1 (webtiles) character file.

Game seed: 6015461202846389191

241 Kold the Insei (level 6, 0/38 HPs)
             Began as an Octopode Transmuter on June 24, 2020.
             Killed from afar by an ice beast (15 damage)
             ... with an exploding inner flame
             ... hexed by the player character
             ... on level 7 of the Dungeon.
             The game lasted 00:05:05 (2377 turns).

Kold the Insei (Octopode Transmuter)                Turns: 2377, Time: 00:05:06

Health: 0/38       AC:  1    Str:  9    XL:     6   Next: 8%
Magic:  9/9        EV: 13    Int: 18    God:
Gold:   92         SH:  0    Dex: 12    Spells: 8/9 levels left

rFire    . . .     SeeInvis .     - Unarmed
rCold    . . .     Gourm    .   (no shield)
rNeg     . . .     Faith    .   (helmet restricted)
rPois    .         Spirit   .   (no amulet)
rElec    .         Reflect  .   (no ring)
rCorr    .         Harm     .   (no ring)
MR       .....                  (no ring)
Stlth    ++++......             (no ring)
HPRegen  0.12/turn              (no ring)
MPRegen  0.11/turn              (no ring)
                                (no ring)
                                (no ring)

@: no status effects
A: almost no armour, stealthy swim, amphibious, 8 rings, constrict 8, camouflage
1, gelatinous body 1
a: no special abilities


You were on level 7 of the Dungeon.
You were not hungry.

You visited 1 branch of the dungeon, and saw 5 of its levels.

You collected 92 gold pieces.

Inventory:

Missiles
 a - 30 arrows
Armour
 g - a +1 buckler
Jewellery
 d - an uncursed ring of teleportation
Scrolls
 e - 2 scrolls of identify
 f - a scroll of enchant armour
 h - a scroll of fog
Potions
 j - a potion of magic
Comestibles
 c - 2 rations
 i - 2 chunks of flesh


   Skills:
 - Level 1.2 Fighting
 - Level 2.0 Dodging
 - Level 2.0 Stealth
 + Level 5.0 Unarmed Combat
 - Level 2.0 Spellcasting
 + Level 4.3 Transmutations


You had 8 spell levels left.
You knew the following spells:

 Your Spells              Type           Power        Failure   Level  Hunger
a - Beastly Appendage     Tmut           ###...       3%          1    #......

Your spell library contained the following spells:

 Spells                   Type           Power        Failure   Level  Hunger
 Sticks to Snakes         Tmut           ###.....     4%          2    ###....
 Spider Form              Tmut/Pois      #.........   22%         3    ###....
 Ice Form                 Ice/Tmut       #.......     58%         4    #####..
 Blade Hands              Tmut           ###.......   65%         5    ######.


Dungeon Overview and Level Annotations

Branches:
Dungeon (7/15)
 Temple: D:4-7

Altars:
Elyvilon
Okawaru
Ru


Innate Abilities, Weirdness & Mutations

You cannot wear most types of armour.
You are very stealthy in the water. (Stealth+)
You are amphibious.
You can wear up to eight rings at the same time.
You can use your tentacles to constrict eight enemies at once.
Your skin changes colour to match your surroundings (Stealth+).
Your rubbery body absorbs attacks. (AC +1, EV +1)


Message History

j - a potion of magic The ice beast hits you.
The ice beast freezes you!
* * * LOW HITPOINT WARNING * * *
It was a potion of heal wounds.
You feel much better. The ice beast hits you. The ice beast freezes you!
Some of the chunks of flesh in your inventory have rotted away.
The ice beast barely misses you.
An ogre comes into view. It is wielding a +0 giant spiked club.
The ogre shouts!
You tentacle-slap the ice beast.
Flame seeps out of the ice beast.
The ice beast is lightly wounded.
The ice beast is engulfed in blazing flames.
Flame seeps out of the ice beast.
The ice beast hits you. The ice beast freezes you!
Really swim into that cloud of steam?
Okay, then.
The ice beast is engulfed in blazing flames.
The ice beast explodes!
The fiery explosion engulfs you!
You die...

................+
................#
.##.##...########
# ##...## ..
≈####.....+ ...
≈≈≈≈#.....# ...≈
≈≈≈≈≈≈≈≈..#.≈≈≈≈
≈≈≈≈≈≈§§§≈≈≈≈≈≈≈
≈≈≈≈≈≈§○@≈≈≈≈≈≈≈
.#≈≈≈≈§§§≈≈≈≈≈≈≈
#....≈≈≈≈≈≈≈≈..
#.........#....
#..O......#....
#.........# ...
#.......... .
..#..........
#######..#.#.#


You could see an ogre.

Vanquished Creatures
  A bullfrog (D:6)
  A crimson imp (D:6)
  A hound (D:6)
  A hound skeleton (D:6)
  3 adders
  2 oozes (D:1)
  2 dart slugs
  A leopard gecko (D:2)
  An orc (D:3)
  6 bats
  7 giant cockroaches
  8 goblins
  6 hobgoblins
  2 jackals (D:6)
  7 kobolds
  2 ball pythons
  A frilled lizard (D:1)
  A quokka skeleton (D:6)
  8 rats
61 creatures vanquished.

Notes
Turn   | Place    | Note
-------+----------+-------------------------------------------
     0 | D:1      | Kold the Octopode Transmuter began the quest for the Orb.
     0 | D:1      | Reached XP level 1. HP: 13/13 MP: 3/3
   249 | D:1      | Reached XP level 2. HP: 18/18 MP: 5/5
   532 | D:1      | Reached skill level 1 in Stealth
   927 | D:1      | Reached XP level 3. HP: 22/23 MP: 6/6
  1435 | D:2      | Reached XP level 4. HP: 25/28 MP: 7/7
  1732 | D:2      | Found an iron altar of Okawaru.
  1732 | D:2      | Found a sacrificial altar of Ru.
  1755 | D:2      | Reached skill level 4 in Unarmed Combat
  2166 | D:3      | Found a white marble altar of Elyvilon.
  2169 | D:3      | You fall into a shaft and drop 3 floors!
  2205 | D:6      | Reached XP level 5. HP: 33/33 MP: 6/8
  2244 | D:6      | Noticed a black bear
  2279 | D:6      | Reached XP level 6. HP: 22/38 MP: 9/9
  2281 | D:6      | Reached skill level 5 in Unarmed Combat
  2347 | D:6      | Noticed an ice beast
  2377 | D:7      | Killed an ice beast
  2377 | D:7      | Killed from afar by an ice beast

Illustrated notes

Levels and vault maps discovered:
D:1:      dpeg_arrival_round_b, layout_basic, dk_noncrumbling_2,
          minmay_tetromino_l4
D:2:      layout_rooms, gammafunk_temple_overflow_wave
D:3:      layout_basic, gammafunk_temple_of_torment, cheibriados_altar_1,
          elyvilon_altar_3, marbit_many_paths, first_ration,
          nicolae_qazlal_general_emergency
D:6:      layout_loops_ring, basic_altar, hex_tiny,
          minmay_a_box_with_orc_wizards_in_it, uniq_maggie, uniq_sigmund
D:7:      wander_river, layout_gridville, minmay_temple_entry_glass,
          basic_altar, serial_shops, nicolae_shop_waterfront, uniq_duvessa

Skill      XL: |  1  2  3  4  5  6 |
---------------+-------------------+-----
Stealth        | 1 2 |  2.0
Transmutations | 3 4 |  4.3
Unarmed Combat | 4 5 |  5.0
Fighting       | |  1.2
Dodging        | |  2.0
Spellcasting   | |  2.0

Action                   |  1- 3 |  4- 6 || total
-------------------------+-------+-------++-------
Melee: Unarmed           |    81 |    68 ||   149
       Constrict         |    22 |    17 ||    39
       Tentacles         |    16 |    12 ||    28
       Kick              |     5 |     4 ||     9
       Punch             |     1 |     1 ||     2
 Cast: Beastly Appendage |     4 |     9 ||    13
  Use: Scroll            |       |     6 ||     6
       Potion            |       |     1 ||     1
 Stab: Sleeping          |     3 |     6 ||     9
  Eat: Chunk             |     2 |     3 ||     5
Armor: Skin              |    14 |     2 ||    16
Dodge: Dodged            |    50 |    49 ||    99
